 Dungeon Crawl Stone Soup version 0.32-a0-646-g91cf321817 (webtiles) character file.

Game seed: 7453918691181663749

74 GordonOverkill the Sneak (level 4, -3/28 HPs)
             Began as a Deep Elf Delver on Mar 8, 2024.
             Slain by Sigmund
             ... wielding a +0 scythe
              (6 damage)
             ... on level 4 of the Dungeon.
             The game lasted 00:01:30 (175 turns).

GordonOverkill the Sneak (Deep Elf Delver)           Turns: 175, Time: 00:01:30

Health: -3/28      AC: 13    Str: 11    XL:     4   Next: 10%
Magic:  5/10       EV: 11    Int: 17    God:
Gold:   0          SH:  0    Dex: 16    Spells: 9/9 levels left

rFire   . . .        i - +0 glaive
rCold   . . .        (shield currently unavailable)
rNeg    . . .        h - +8 ring mail "Iddu" {rPois Str+2 Slay-2}
rPois   +            (no helmet)
rElec   .            (no cloak)
rCorr   .            (no gloves)
SInv    .            (no boots)
Will    .....        (no amulet)
Stlth   +++          (no ring)
HPRegen 0.24/turn    (no ring)
MPRegen 0.12/turn

%: no passive effects
@: hasted, very quick
A: no striking features
a: no special abilities


You were on level 4 of the Dungeon.
You visited 1 branch of the dungeon, and saw 3 of its levels.

Inventory:

Hand Weapons
 a - a +0 short sword
 i - a +0 glaive (weapon)
Armour
 h - the +8 ring mail "Iddu" (worn) {rPois Str+2 Slay-2}
   (You found it on level 5 of the Dungeon)

   Str+2:     It affects your strength (+2).
   Slay-2:    It affects your accuracy & damage with ranged weapons and melee
   (-2).
   rPois:     It protects you from poison.
Wands
 g - a wand of digging (1)
Scrolls
 b - a scroll of identify {unknown}
 c - a scroll of fog
 d - a scroll of revelation


   Skills:
 - Level 3.0 Fighting
 - Level 2.0 Short Blades
 - Level 2.4 Dodging
 - Level 6.0 Stealth
 - Level 3.0 Spellcasting
 + Level 2.2 Conjurations


You had 9 spell levels left.
You didn't know any spells.
Your spell library was empty.

Dungeon Overview and Level Annotations

Branches:
Dungeon (6/15)
 Temple: D:4-7

Altars:

Annotations:
D:4 Natasha, Pikel, Sigmund


Message History

Your experience leads to an increase in your attributes!
Your base attributes are Str 9, Int 14, Dex 16.
Increase (S)trength, (I)ntelligence, or (D)exterity?
You feel clever. x2
You have reached level 4!
You feel clever.
You closely miss the lemure. The lemure hits you but does no damage.
Something hits you.
You slash the lemure!
The lemure is moderately wounded.
The lemure barely misses you. x2; Something hits you.
* * * LOW HITPOINT WARNING * * *
You barely miss the lemure.
The lemure is moderately wounded.
The lemure hits you.
* * * LOW HITPOINT WARNING * * *
You hit the lemure.
The lemure is heavily wounded.
Something hits you but does no damage. The lemure hits you.
* * * LOW HITPOINT WARNING * * *
You hit the lemure but do no damage.
The lemure is heavily wounded.
Something hits you.
* * * LOW HITPOINT WARNING * * *
The lemure hits you but does no damage.
You barely miss the lemure.
The lemure is heavily wounded.
The lemure hits you but does no damage.
You slash the lemure!
The lemure is almost dead.
Something hits you but does no damage. The lemure barely misses you.
You hit the lemure.
The lemure is almost dead.
Something hits you!
* * * LOW HITPOINT WARNING * * *
The lemure closely misses you.
You hit the lemure but do no damage.
The lemure is almost dead.
The lemure hits you but does no damage. Something hits you.
You die...

.. . #.## 5# ##
##...####.# #.#
......#...# #.#
.........# #.#
.....>...# #.#
.........# #.#
#####.#### ##.#
#.....#######@#
#.........w.5##
#.....########
##.#######
#........
#..W.....
#........
#........
#........


You could see a lemure and a ribbon worm.

Vanquished Creatures
  A lemure (D:5)
  A phantom (D:4)
  An endoplasm (D:4)
3 creatures vanquished.

Notes
Turn   | Place    | Note
-------+----------+-------------------------------------------
     0 | D:5      | GordonOverkill the Deep Elf Delver began the quest for the
                  | Orb.
     0 | D:5      | Reached XP level 1. HP: 13/13 MP: 3/3
     5 | D:5      | Identified the +8 ring mail "Iddu" {rPois Str+2 Slay-2}
    25 | D:6      | Noticed a phantom
    35 | D:5      | Noticed a black bear
    55 | D:4      | Noticed a lemure
    55 | D:4      | Noticed a lemure
    55 | D:4      | Noticed a lemure
    84 | D:4      | Noticed Pikel
    85 | D:4      | Noticed Natasha
    99 | D:5      | Killed a lemure
   136 | D:4      | Noticed a lemure
   143 | D:4      | Noticed Sigmund
   143 | D:4      | Noticed a phantom
   166 | D:4      | Killed a phantom
   167 | D:4      | Reached XP level 2. HP: 19/19 MP: 4/8
   167 | D:4      | Reached XP level 3. HP: 23/23 MP: 4/9
   167 | D:4      | Reached XP level 4. HP: 28/28 MP: 4/10
   175 | D:4      | Slain by Sigmund

Illustrated notes

Levels and vault maps discovered:
D:4:      layout_basic, temple_fountains, minmay_fractal_squares_gapless_5,
          uniq_sigmund, uniq_pikel, uniq_natasha
D:5:      layout_basic, minmay_misc_feat_x, minmay_misc_feat_diagonals,
          kennysheep_generic_room_11, uniq_ijyb, uniq_eustachio
D:6:      layout_loops_corners, serial_undead, serial_undead_a, serial_undead_e,
          serial_undead_d, serial_undead_f, serial_undead_c, serial_undead_a,
          serial_undead_f, serial_undead_d

Skill      XL: |  1 |
---------------+----+-----
Fighting       | 3 |  3.0
Spellcasting   | 3 |  3.0
Conjurations   | 2 |  2.2
Short Blades   | |  2.0
Dodging        | |  2.4
Stealth        | |  6.0

Action                     |  1- 3 |  4- 6 || total
---------------------------+-------+-------++-------
  Melee: Glaive            |    17 |     9 ||    26
  Evoke: Wand              |     2 |       ||     2
    Use: Scroll            |     1 |       ||     1
         Potion            |     1 |       ||     1
 Armour: Ring mail         |    18 |    13 ||    31
  Dodge: Dodged            |    18 |     4 ||    22

Table legend: (Time is in decaauts)
 A = Elapsed time spent in this place.
 B = Non-inter-level travel time spent in this place.
 C = Inter-level travel time spent in this place.
 D = Time resting spent in this place.
 E = Time spent auto-exploring this place.
 F = Levels seen in this place.
 G = Mean time per level.
                   A        B        C        D        E       F      G
               +--------+--------+--------+--------+--------+-----+--------+
         Total |    185 |    185 |      0 |     31 |      0 |   3 |   61.7 |
       Dungeon |    185 |    185 |      0 |     31 |      0 |   3 |   61.7 |
               +--------+--------+--------+--------+--------+-----+--------+

Top non-repeatable levels by time:
     D:5: 135 daAuts
     D:4: 45 daAuts
     D:6: 4 daAuts
